 Dungeon Crawl Stone Soup version 0.23.2 (webtiles) character file.

Game seed: 16382727470274803829

228932 toffzen the Scorcher (level 18, -38/159 HPs)
             Began as a Demigod Fire Elementalist on Mar 24, 2019.
             Annihilated by Asterion
             ... wielding a +4 demon trident of electrocution
              (44 damage)
             ... on level 1 of the Vaults on Mar 31, 2019.
             The game lasted 04:02:34 (62993 turns).

toffzen the Scorcher (Demigod Fire Elementalist)   Turns: 62993, Time: 04:02:35

Health: -38/159    AC: 11    Str: 14    XL:     18   Next: 7%
Magic:  1/39       EV: 21    Int: 32    God:
Gold:   2468       SH:  0    Dex: 19    Spells: 6/41 levels left

rFire    . . .     SeeInvis .   a - staff of energy
rCold    + . .     Gourm    .   (no shield)
rNeg     + . .     Faith    .   G - +2 robe {MR+}
rPois    +         Spirit   .   W - +1 hat
rElec    .         Reflect  .   i - +2 cloak {MR+}
rCorr    .         Harm     .   Z - +0 pair of gloves
MR       +++..                  j - +1 pair of boots
Stlth    ++........             N - amulet "Mucapsas" {RegenMP rPois rF+ Int-2 Dex+3}
HPRegen  0.36/turn              X - ring of wizardry
MPRegen  0.51/turn              R - ring "Miwk" {Ice rN+ Str+3 Int+3}

@: no status effects
A: high mp 1
}: 1/15 runes: barnacled
a: no special abilities


You were on level 1 of the Vaults.
You were not hungry.

You visited 6 branches of the dungeon, and saw 32 of its levels.

You collected 3378 gold pieces.
You spent 910 gold pieces at shops.

Inventory:

Hand Weapons
 b - the +8 spear "Orb Guardian's Peril" {freeze, +Blink rC+ Str+3 Dex-5}
   (You took it off a spriggan rider on level 14 of the Dungeon)

   It has been specially enchanted to freeze those struck by it, causing extra
   injury to most foes and up to half again as much damage against particularly
   susceptible opponents.
   It can also slow down cold-blooded creatures.
   It affects your strength (+3).
   It affects your dexterity (-5).
   It protects you from cold.
   It lets you blink.
 c - a +4 vampiric demon trident
 Q - the +9 whip "Dumae" {pain, Dex+2}
   (You took it off a big kobold on level 11 of the Dungeon)

   In the hands of one skilled in necromantic magic, it inflicts extra damage on
   living creatures.
   It affects your dexterity (+2).
Missiles
 f - 1347 stones (quivered)
 m - 12 throwing nets
Armour
 i - a +2 cloak of magic resistance (worn)
 j - a +1 pair of boots (worn)
 G - a +2 robe of magic resistance (worn)
 W - a +1 hat (worn)
 Z - a +0 pair of gloves (worn)
Magical Staves
 a - an uncursed staff of energy (weapon)
 q - an uncursed staff of wizardry
 M - an uncursed staff of conjuration
Jewellery
 s - a cursed amulet of inaccuracy {unknown}
 x - an uncursed ring of poison resistance
 z - an uncursed ring of protection from cold
 N - the amulet "Mucapsas" (around neck) {RegenMP rPois rF+ Int-2 Dex+3}
   (You found it on level 8 of the Dungeon)

   [amulet of magic regeneration]

   It increases your magic regeneration.
   It affects your intelligence (-2).
   It affects your dexterity (+3).
   It protects you from fire.
   It protects you from poison.
 O - a +3 ring of evasion
 P - an uncursed ring of ice
 R - the ring "Miwk" (right hand) {Ice rN+ Str+3 Int+3}
   (You found it on level 1 of the Lair of Beasts)

   [ring of ice]

   It enhances your ice magic.
   It affects your strength (+3).
   It affects your intelligence (+3).
   It makes you vulnerable to fire.
   It protects you from cold.
   It protects you from negative energy.
 X - a ring of wizardry (left hand)
Wands
 v - a wand of digging (2)
 A - a wand of acid (14)
 D - a wand of iceblast (33)
 H - a wand of paralysis (22)
 T - a wand of scattershot (6)
 U - a wand of flame (37)
Scrolls
 n - 12 scrolls of teleportation
 o - 11 scrolls of amnesia
 p - 13 scrolls of remove curse
 t - 4 scrolls of magic mapping
 u - 2 scrolls of summoning
 w - a scroll of silence
 y - 4 scrolls of enchant armour
 B - 2 scrolls of fear
Potions
 d - 5 potions of agility
 e - 13 potions of curing
 g - 10 potions of flight
 h - 2 potions of brilliance
 k - 3 potions of berserk rage
 l - a potion of might
 r - 8 potions of lignification
 E - a potion of invisibility
 F - a potion of ambrosia
 I - 3 potions of cancellation
 J - 2 potions of haste
 K - 5 potions of mutation
 L - 2 potions of resistance
Miscellaneous
 C - a phantom mirror
 V - a lightning rod (4/4)
Comestibles
 Y - 19 rations


   Skills:
 + Level 13.8 Fighting
 - Level 10.6 Dodging
 - Level 1.7 Stealth
 - Level 12.0 Spellcasting
 + Level 14.3 Conjurations
 - Level 3.0 Summonings
 - Level 15.0 Fire Magic
 - Level 3.0 Air Magic
 - Level 11.0 Earth Magic


You had 6 spell levels left.
You knew the following spells:

 Your Spells              Type           Power        Failure   Level  Hunger
a - Flame Tongue          Conj/Fire      #####        0%          1    None
b - Conjure Flame         Conj/Fire      #######.     0%          3    None
c - Sticky Flame          Conj/Fire      #######.     1%          4    None
d - Fireball              Conj/Fire      #######...   1%          5    None
e - Summon Lightning Spi  Summ/Air       #####...     2%          4    None
f - Magic Dart            Conj           ####         0%          1    None
g - Iskenderun's Mystic   Conj           #######.     1%          4    None
h - Blink                 Tloc           N/A          1%          2    None
i - Bolt of Magma         Conj/Fire/Erth #######...   1%          5    None
j - Iron Shot             Conj/Erth      #######...   1%          6    None

Your spell library contained the following spells:

 Spells                   Type           Power        Failure   Level  Hunger
 Searing Ray              Conj           ######       0%          2    None
 Throw Flame              Conj/Fire      ######       0%          2    None
 Animate Skeleton         Necr           N/A          1%          1    None
 Apportation              Tloc           ###...       1%          1    None
 Confusing Touch          Hex            ###...       1%          1    None
 Freeze                   Ice            ####         1%          1    None
 Infusion                 Chrm           ###.         1%          1    None
 Pain                     Necr           ###.         1%          1    None
 Summon Butterflies       Summ           #####...     1%          1    None
 Call Imp                 Summ           #####...     1%          2    None
 Shroud of Golubria       Chrm/Tloc      ###.......   1%          2    None
 Slow                     Hex            ###.....     1%          2    None
 Song of Slaying          Chrm           ###.....     1%          2    None
 Throw Frost              Conj/Ice       ######       1%          2    None
 Dazzling Spray           Conj/Hex       ######       1%          3    None
 Inner Flame              Hex/Fire       ######..     1%          3    None
 Mephitic Cloud           Conj/Pois/Air  ######..     1%          3    None
 Force Lance              Conj/Tloc      ######..     1%          4    None
 Fulminant Prism          Conj/Hex       ######....   1%          4    None
 Leda's Liquefaction      Hex/Erth       ######....   1%          4    None
 Petrify                  Tmut/Erth      ######..     1%          4    None
 Throw Icicle             Conj/Ice       #######.     1%          4    None
 Confuse                  Hex            ###.....     3%          3    None
 Gell's Gravitas          Tloc           ###.......   3%          3    None
 Lesser Beckoning         Tloc           ###.......   3%          3    None
 Ozocubu's Armour         Chrm/Ice       ####....     3%          3    None
 Portal Projectile        Hex/Tloc       ###...       3%          3    None
 Regeneration             Chrm/Necr      ###.......   3%          3    None
 Spectral Weapon          Hex/Chrm       ###.....     3%          3    None
 Teleport Other           Tloc           ###.....     3%          3    None
 Tukima's Dance           Hex            ###.....     3%          3    None
 Vampiric Draining        Necr           ###.......   3%          3    None
 Conjure Ball Lightning   Conj/Air       ######....   4%          6    None
 Summon Ice Beast         Ice/Summ       #####...     5%          4    None
 Animate Dead             Necr           N/A          10%         4    None
 Passage of Golubria      Tloc           N/A          10%         4    None
 Silence                  Hex/Air        ####......   16%         5    None
 Statue Form              Tmut/Erth      ######...    16%         6    None
 Alistair's Intoxication  Tmut/Pois      ###.....     26%         5    None
 Metabolic Englaciation   Hex/Ice        ####......   26%         5    None
 Yara's Violent Unravell  Hex/Tmut       ###.......   26%         5    None
 Deflect Missiles         Chrm/Air       ####......   58%         6    None
 Dispersal                Tloc           ###.......   80%         6    None
 Invisibility             Hex            ###.....     80%         6    None
 Controlled Blink         Tloc           N/A          100%        8    None
 Disjunction              Tloc           ###.......   100%        8    None
 Shatter                  Erth           ######....   100%        9    None
 Tornado                  Air            #####.....   100%        9    None


Dungeon Overview and Level Annotations

Branches:
Dungeon (15/15)            Temple (0/1) D:6            Lair (6/6) D:11
 Shoals (4/4) Lair:3       Spider (4/4) Lair:4        Slime (0/5) Lair:6
    Orc (2/2) D:12            Elf (0/3) Orc:2        Vaults (1/5) D:14
 Depths (0/5) D:15

Shops:
D:5 (   D:7 }   D:13 :   Orc:2 !!:[

Portals:
Pandemonium: Orc:2

Annotations:
D:7 2 transporters, lapinsky's ghost, novice HOFi
D:12 exclusion: orange crystal statue
D:14 1 runed translucent door
Lair:1 exclusions: 2 downstairs and oklob plant
Lair:3 1 runed translucent door
Lair:4 3 runed translucent doors, Killmatronix's ghost, journeyman KoWn
Lair:6 1 runed translucent door
Shoals:2 2 transporters
Spider:2 1 runed translucent door, grocchini's ghost, journeyman MiBe
Orc:2 2 runed translucent doors, exclusion: orange crystal statue
Vaults:1 3 runed translucent doors, Asterion; Ukiefoc's ghost, adept DrFE; dhn's ghost, adept MiFi


Innate Abilities, Weirdness & Mutations

You have an increased reservoir of magic. (+10% MP)


Message History

The Executioner seems to speed up.
Asterion hits you from afar with a +4 demon trident of electrocution!!!
Casting: Iron Shot (safe; 1% risk of failure)
Confirm with . or Enter, or press ? or * to list all spells.
Aiming: Iron Shot (safe; 1% risk of failure)
Press: ? - help, Shift-Dir - straight line, f/p - Asterion
Aim: Asterion, wielding a +4 demon trident of electrocution, wearing a +0 scale mail and wearing a +0 shield (almost dead, fast) Asterion blocks the iron shot.
The Executioner hits you!
* * * LOW HITPOINT WARNING * * *
The Executioner hits you.
* * * LOW HITPOINT WARNING * * *
The Executioner hits you!
* * * LOW HITPOINT WARNING * * *
The Executioner hits you!
* * * LOW HITPOINT WARNING * * *
The Executioner hits you!
* * * LOW HITPOINT WARNING * * *
The Executioner barely misses you.
Asterion hits you from afar with a +4 demon trident of electrocution!!!
You die...

.... #.....#.......#..........
.....#.....#.......#..........
.....#.....+.......#..........
.....'.....#########..........
.....#..W.....................
.....#........................
#########......H.8...............
.................................
...............1@................
#################################


You could see Asterion, an Executioner, a freezing wraith and a friendly
lightning spire.

Vanquished Creatures
  Mara (Shoals:4)
  Frances (Shoals:1)
  Ilsuiw (Shoals:3)
  A ghost moth (Spider:4)
  An orc warlord (Orc:1)
  Louise (Spider:4)
  2 vault wardens (Vaults:1)
  3 emperor scorpions
  2 ironheart preservers (Vaults:1)
  A stone giant (Shoals:1)
  3 entropy weavers
  A dire elephant (Lair:6)
  Snorg (D:11)
  7 merfolk javelineers
  Josephine (Shoals:1)
  5 merfolk impalers
  2 ogre magi (Vaults:1)
  A fire dragon (Vaults:1)
  An ice dragon (Vaults:1)
  A rakshasa (D:15)
  5 vault guards
  A yaktaur captain (Vaults:1)
  Harold (Orc:1)
  3 merfolk avatars
  9 hydras
  Erica (D:12)
  A catoblepas (Lair:6)
  2 merfolk aquamancers (Shoals:4)
  A satyr (Shoals:2)
  4 centaur warriors
  3 death yaks (Lair:4)
  12 two-headed ogres
  3 orc high priests (Orc:2)
  2 tengu warriors
  Urug (Lair:4)
  Sonja (Lair:4)
  A deep elf knight (Vaults:1)
  A sixfirhy (Orc:2)
  3 gelid demonspawn (Orc:2)
  2 wizards
  A swamp dragon (shapeshifter) (D:15)
  2 unseen horrors
  4 skeletal warriors
  A torturous demonspawn (Orc:2)
  9 orc knights
  A deep elf archer (Vaults:1)
  15 sea snakes
  2 ironbrand convokers (Vaults:1)
  3 deep elf magi
  6 lindwurms
  7 harpies
  Pikel (D:6)
  3 necromancers (D:14)
  20 ugly things
  22 wolf spiders
  21 orb spiders
  11 manticores
  6 fauns
  5 elephants
  9 orc sorcerers
  12 cyclopes
  An elephant (shapeshifter) (D:15)
  Joseph (D:7)
  5 water nymphs
  9 merfolk sirens
  4 black mambas
  A vault sentinel (Vaults:1)
  2 gargoyles
  9 torpor snails
  3 orange demons (Orc:2)
  Psyche (D:12)
  10 spiny frogs
  2 yaktaurs (Vaults:1)
  2 centaur skeletons
  A kobold demonologist (D:14)
  3 rime drakes
  2 ice devils (Orc:2)
  4 komodo dragons
  7 demonic crawlers
  23 merfolk
  35 jumping spiders
  A tengu conjurer (D:13)
  3 polar bears (D:12)
  3 meliai (Spider:1)
  4 wind drakes
  4 tyrant leeches (Lair:6)
  4 trolls
  13 hornets
  5 hippogriffs
  7 dream sheep
  11 blink frogs
  5 snapping turtles
  20 slime creatures
  11 water elementals
  77 redbacks
  3 vampires
  2 spriggans (D:14)
  2 wyverns
  2 wraiths (Shoals:1)
  25 tarantellas
  A yak (shapeshifter) (D:15)
  43 yaks
  6 vampire mosquitoes (D:15)
  A basilisk (shapeshifter) (Vaults:1)
  17 humans (D:14)
  2 basilisks
  2 chaos spawn (Orc:2)
  4 hungry ghosts
  4 wargs
  Menkaure (D:4)
  19 water moccasins
  Duvessa (D:7)
  A soldier ant (D:15)
  3 acid dragons
  6 porcupines
  3 ice beasts
  7 sky beasts
  44 orc warriors
  An eye of draining (D:8)
  2 phantoms
  10 boggarts
  A necrophage (D:7)
  2 black bears
  16 ogres
  23 centaurs
  8 wolves
  9 crocodiles
  19 big kobolds
  Blork the orc (D:5)
  A gnoll sergeant (Orc:1)
  21 bullfrogs
  A wyvern zombie (D:13)
  Dowan (D:7)
  A human simulacrum (Vaults:1)
  2 wyvern skeletons
  5 scorpions
  9 killer bees
  2 electric eels
  4 howler monkeys
  6 crimson imps
  2 bullfrog zombies
  3 centaur zombies
  A gnoll shaman (D:7)
  5 bullfrog skeletons
  22 orc priests
  5 hounds
  9 jellies
  28 orc wizards
  5 iguanas
  Terence (D:2)
  9 worker ants
  Robin (D:3)
  2 hound zombies
  2 worker ant zombies
  11 adders
  9 gnolls
  5 shadow imps
  6 oozes (D:8)
  An adder zombie (D:10)
  2 adder skeletons
  9 worms
  2 dart slugs
  7 leopard geckos
  87 orcs
  6 giant cockroaches
  56 goblins
  32 hobgoblins
  10 jackals
  46 kobolds
  2 quokkas
  A ball python (D:1)
  8 bats
  7 frilled lizards
  A giant cockroach zombie (D:5)
  A jackal skeleton (D:4)
  A quokka zombie (D:8)
  6 rats
  13 plants
1316 creatures vanquished.

Vanquished Creatures (collateral kills)
  The ghost of sdfsdf the Brawler, a journeyman TrMo of Okawaru (D:13)
  A merfolk javelineer (Shoals:4)
  A merfolk impaler (Shoals:4)
  2 vault guards (Vaults:1)
  A sea snake (Shoals:4)
  A glowing orange brain (Vaults:1)
  A deep elf archer (Vaults:1)
  A harpy (Shoals:4)
  2 wolf spiders (Spider:3)
  3 manticores
  An ugly thing (Vaults:1)
  A cyclops (D:13)
  A merfolk siren (Shoals:3)
  A torpor snail (Spider:4)
  3 merfolk (Shoals:4)
  2 jumping spiders (Spider:3)
  A dream sheep (Shoals:4)
  A slime creature (D:13)
  2 hippogriffs
  6 redbacks
  2 wraiths (Shoals:1)
35 creatures vanquished.

Vanquished Creatures (others)
  A slave (D:6)
  A scorpion (D:6)
  3 orc wizards (D:6)
  A worker ant (D:6)
  A leopard gecko (D:6)
  4 orcs (D:6)
  2 fungi (Lair:2)
  30 plants
  9 toadstools (D:8)
  6 withered plants (Vaults:1)
58 creatures vanquished.

Grand Total: 1409 creatures vanquished

Notes
Turn   | Place    | Note
-------+----------+-------------------------------------------
     0 | D:1      | toffzen the Demigod Fire Elementalist began the quest for
                  | the Orb.
     0 | D:1      | Reached XP level 1. HP: 14/14 MP: 5/5
    70 | D:1      | Reached skill level 1 in Conjurations
   364 | D:1      | Reached XP level 2. HP: 20/20 MP: 4/7
   407 | D:1      | Reached skill level 3 in Fire Magic
  1063 | D:1      | Reached XP level 3. HP: 26/26 MP: 5/8
  1212 | D:1      | Learned a level 3 spell: Conjure Flame
  1780 | D:2      | Noticed Terence
  1924 | D:2      | Killed Terence
  1924 | D:2      | Reached XP level 4. HP: 32/33 MP: 2/10
  3501 | D:3      | Found a sacrificial altar of Ru.
  3805 | D:4      | Noticed Robin
  3811 | D:4      | Reached skill level 4 in Fire Magic
  3948 | D:3      | Killed Robin
  3948 | D:3      | Reached XP level 5. HP: 37/38 MP: 2/11
  4392 | D:4      | Noticed an ogre
  4411 | D:4      | Killed an ogre
  4750 | D:4      | Noticed an ogre
  4756 | D:4      | Killed an ogre
  4756 | D:4      | Reached XP level 6. HP: 45/45 MP: 6/13
  4814 | D:4      | Learned a level 4 spell: Sticky Flame
  5282 | D:4      | Reached skill level 5 in Fire Magic
  5414 | D:4      | Reached XP level 7. HP: 48/50 MP: 4/15
  5843 | D:4      | Learned a level 5 spell: Fireball
  5853 | D:4      | Noticed Menkaure
  5863 | D:4      | Killed Menkaure
  5863 | D:4      | Reached skill level 5 in Conjurations
  6150 | D:4      | Reached skill level 6 in Fire Magic
  6595 | D:5      | Entered Level 5 of the Dungeon
  6904 | D:5      | Reached XP level 8. HP: 57/57 MP: 9/17
  7057 | D:5      | Found Ymeokum's Weapon Shop.
  7057 | D:5      | Noticed Blork the orc
  7080 | D:5      | Killed Blork the orc
  7282 | D:5      | Found a snail-covered altar of Cheibriados.
  7752 | D:6      | Reached skill level 7 in Fire Magic
  8139 | D:6      | Noticed Pikel
  8179 | D:6      | Killed Pikel
  8550 | D:6      | Found a white marble altar of Elyvilon.
  8719 | D:6      | Reached XP level 9. HP: 62/62 MP: 10/20
  8832 | D:6      | Found a staircase to the Ecumenical Temple.
  8928 | D:7      | Reached skill level 5 in Spellcasting
  8965 | D:7      | Noticed Dowan
  9182 | D:7      | Found a flagged portal.
  9332 | D:7      | Found Kuushih's Gadget Boutique.
  9423 | D:7      | Reached skill level 8 in Fire Magic
  9540 | D:7      | Noticed Joseph
  9547 | D:7      | Killed Joseph
  9609 | D:7      | Found an opulent altar of Gozag.
  9610 | D:7      | Found a sacrificial altar of Ru.
  9610 | D:7      | Found a basalt altar of Yredelemnul.
  9648 | D:7      | Found a blossoming altar of Fedhas.
  9780 | D:7      | Noticed Duvessa
  9796 | D:7      | Killed Duvessa
  9797 | D:7      | Killed Dowan
  9921 | D:7      | Noticed lapinsky's ghost (novice HOFi)
  9922 | D:7      | Found a transporter.
 10057 | D:7      | Found a transporter.
 10214 | D:7      | Found a radiant altar of Vehumet.
 11191 | D:8      | Reached skill level 9 in Fire Magic
 11349 | D:8      | Reached skill level 1 in Fighting
 11503 | D:8      | Noticed a two-headed ogre
 11514 | D:8      | Killed a two-headed ogre
 11514 | D:8      | Reached XP level 10. HP: 72/72 MP: 5/22
 11987 | D:8      | Found a burning altar of Makhleb.
 12537 | D:8      | Reached skill level 10 in Fire Magic
 12582 | D:8      | Noticed a three-headed hydra
 12598 | D:8      | Killed a three-headed hydra
 13350 | D:8      | Got a flickering ruby amulet
 13396 | D:8      | Identified the amulet "Mucapsas" {RegenMP rPois rF+ Int-2
                  | Dex+3} (You found it on level 8 of the Dungeon)
 13745 | D:9      | Noticed a cyan ugly thing
 13855 | D:9      | Killed a cyan ugly thing
 14027 | D:9      | Reached XP level 11. HP: 77/84 MP: 15/24
 14615 | D:9      | Reached skill level 11 in Fire Magic
 14617 | D:9      | Noticed an unseen horror
 14619 | D:9      | Killed an unseen horror
 14697 | D:9      | Noticed a centaur warrior
 14702 | D:9      | Killed a centaur warrior
 15013 | D:9      | Noticed a wizard
 15025 | D:9      | Killed a wizard
 15025 | D:9      | Reached skill level 5 in Fighting
 15025 | D:9      | Reached skill level 5 in Dodging
 15534 | D:10     | Entered Level 10 of the Dungeon
 15534 | D:10     | Found a glowing golden altar of the Shining One.
 16137 | D:10     | Reached skill level 12 in Fire Magic
 16583 | D:11     | Learned a level 4 spell: Summon Lightning Spire
 16660 | D:11     | Noticed Snorg
 16679 | D:11     | Killed Snorg
 16679 | D:11     | Reached skill level 1 in Summonings
 16679 | D:11     | Reached skill level 1 in Air Magic
 17000 | D:11     | Noticed a two-headed ogre
 17007 | D:11     | Killed a two-headed ogre
 17542 | D:11     | Noticed a two-headed ogre
 17546 | D:11     | Killed a two-headed ogre
 17838 | D:11     | Found a staircase to the Lair.
 18183 | D:11     | Found a staircase to the Lair.
 18388 | D:11     | Identified the +9 whip "Dumae" {pain, Dex+2}
 18600 | Lair:1   | Entered Level 1 of the Lair of Beasts
 18603 | Lair:1   | Learned a level 1 spell: Magic Dart
 18952 | Lair:1   | Got a bound turquoise ring
 18954 | Lair:1   | Identified the ring "Miwk" {Ice rN+ Str+3 Int+3} (You found
                  | it on level 1 of the Lair of Beasts)
 19465 | Lair:1   | Reached XP level 12. HP: 96/96 MP: 23/25
 19656 | Lair:2   | Noticed an eight-headed hydra
 20574 | Lair:2   | Killed an eight-headed hydra
 21410 | Lair:2   | Noticed a five-headed hydra
 21415 | Lair:2   | Killed a five-headed hydra
 21950 | Lair:3   | Found a runed translucent door.
 22037 | Lair:3   | Found a staircase to the Shoals.
 22515 | Lair:3   | Noticed a six-headed hydra
 23040 | Lair:4   | Noticed a seven-headed hydra
 23049 | Lair:3   | Killed a seven-headed hydra
 23363 | Lair:4   | Noticed Sonja
 23365 | Lair:4   | Killed Sonja
 23397 | Lair:4   | Noticed Urug
 24039 | Lair:4   | Found a runed translucent gate.
 24208 | Lair:4   | Noticed a 12-headed hydra
 24208 | Lair:4   | Noticed Killmatronix's ghost (journeyman KoWn)
 24209 | Lair:4   | Found a runed translucent gate.
 24209 | Lair:4   | Noticed a nine-headed hydra
 24210 | Lair:4   | Found a runed translucent gate.
 24210 | Lair:4   | Noticed a 13-headed hydra
 24291 | Lair:4   | Killed Urug
 24393 | Lair:4   | Reached skill level 10 in Conjurations
 24393 | Lair:4   | Reached XP level 13. HP: 108/108 MP: 0/29
 24461 | Lair:4   | Learned a level 4 spell: Iskenderun's Mystic Blast
 24601 | Lair:4   | Found a hole to the Spider Nest.
 26304 | Lair:6   | Entered Level 6 of the Lair of Beasts
 27225 | Lair:6   | Found a staircase to the Slime Pits.
 27225 | Lair:6   | Found a viscous altar of Jiyva.
 27482 | Lair:6   | Found a runed translucent door.
 28608 | Lair:6   | Reached skill level 10 in Fighting
 28769 | Lair:6   | Got a jewelled quarterstaff
 29901 | Lair:6   | Noticed a dire elephant
 29918 | Lair:6   | Killed a dire elephant
 30990 | D:12     | Got a steaming leather armour
 31223 | D:12     | Reached XP level 14. HP: 122/122 MP: 27/32
 31444 | D:12     | Found a staircase to the Orcish Mines.
 32193 | D:12     | Noticed Psyche
 32396 | Orc:1    | Entered Level 1 of the Orcish Mines
 32428 | Orc:1    | Noticed Erica
 32429 | Orc:1    | Noticed Harold
 32523 | D:12     | Killed Erica
 32611 | Orc:1    | Killed Harold
 32646 | D:12     | Killed Psyche
 33018 | Orc:1    | Paralysed by an orc sorcerer for 6 turns
 33373 | Orc:1    | Noticed an orc warlord
 33406 | Orc:1    | Killed an orc warlord
 33823 | Orc:2    | Entered Level 2 of the Orcish Mines
 33898 | Orc:2    | Found a staircase to the Elven Halls.
 34526 | Orc:2    | Found a runed translucent door.
 34641 | Orc:2    | Found the +10 large shield of Ignorance {rN+ Int-4}
 34665 | Orc:2    | Found a runed translucent door.
 35100 | Orc:2    | Reached skill level 10 in Spellcasting
 35158 | Orc:2    | Found Aclunum's Distillery.
 35160 | Orc:2    | Found Uzus Ut Gyst's Distillery.
 36494 | Orc:2    | Found Oklucroi's Book Emporium.
 36494 | Orc:2    | Found a one-way gate leading to the halls of Pandemonium.
 36494 | Orc:2    | Found Qich's Antique Armour Shoppe.
 36837 | D:13     | Learned a level 2 spell: Blink
 37086 | D:13     | Found Pudemecs's Book Emporium.
 37099 | D:13     | Bought a book of the Earth for 910 gold pieces
 37105 | D:13     | Learned a level 5 spell: Bolt of Magma
 37398 | D:13     | Reached skill level 1 in Earth Magic
 37598 | D:13     | Identified the +1 leather armour "Xedabat" {Int+2 Dex+4}
                  | (You found it on level 12 of the Dungeon)
 38711 | D:14     | Reached skill level 10 in Dodging
 38730 | D:13     | Reached XP level 15. HP: 55/129 MP: 23/34
 39817 | D:14     | Found a hazy altar of Hepliaklqana.
 39924 | D:14     | Reached skill level 5 in Earth Magic
 40447 | D:14     | Found a gate to the Vaults.
 40539 | D:14     | Identified the +8 spear "Orb Guardian's Peril" {freeze,
                  | +Blink rC+ Str+3 Dex-5}
 40543 | D:14     | Noticed sdfsdf's ghost (journeyman TrMo)
 40894 | D:13     | Killed sdfsdf's ghost
 41147 | D:14     | Identified the cursed +0 quarterstaff of Keexumn {freeze,
                  | Str-5 Dex+9} (You found it on level 6 of the Lair of
                  | Beasts)
 41387 | D:14     | Found a runed translucent door.
 41524 | D:12     | Identified the +1 great mace "Noampeoq" {antimagic, +Rage
                  | rElec rC+ MR+} (You found it on level 12 of the Dungeon)
 41591 | D:15     | Entered Level 15 of the Dungeon
 41994 | D:15     | Learned a level 6 spell: Iron Shot
 43264 | D:15     | Found a staircase to the Depths.
 43730 | Spider:1 | Entered Level 1 of the Spider Nest
 46656 | Shoals:1 | Entered Level 1 of the Shoals
 46661 | Shoals:1 | Reached XP level 16. HP: 115/139 MP: 12/36
 46795 | Shoals:1 | Noticed Frances
 46802 | Shoals:1 | Killed Frances
 47367 | Shoals:1 | Reached skill level 13 in Fire Magic
 47873 | Shoals:1 | Noticed Josephine
 47879 | Shoals:1 | Killed Josephine
 48132 | Shoals:2 | Found a transporter.
 49130 | Shoals:2 | Found a transporter.
 49338 | Shoals:3 | Noticed Ilsuiw
 49586 | Shoals:3 | Killed Ilsuiw
 49892 | Shoals:4 | Entered Level 4 of the Shoals
 50692 | Shoals:4 | Noticed Mara
 50700 | Shoals:4 | Killed Mara
 51211 | Shoals:4 | Identified the +4 rapier of Makhleb's Supremacy {freeze,
                  | MP+9 Dex+2}
 51790 | Shoals:4 | Identified the cursed +1 chain mail of Vexation {rPois
                  | Regen+}
 52172 | Shoals:4 | Reached skill level 14 in Fire Magic
 52409 | Shoals:4 | Reached XP level 17. HP: 136/150 MP: 24/38
 52949 | Shoals:4 | Got a barnacled rune of Zot
 53081 | Lair:3   | Upgraded the game from 0.23.1-37-gaa34b87 to
                  | 0.23.1-38-g628c18f
 53944 | Spider:2 | Identified a scroll of acquirement
 54066 | Spider:2 | Found a runed translucent door.
 54070 | Spider:2 | Noticed grocchini's ghost (journeyman MiBe)
 56561 | Spider:4 | Entered Level 4 of the Spider Nest
 57042 | Spider:4 | Noticed Louise
 57136 | Spider:4 | Killed Louise
 57779 | Spider:4 | Reached skill level 10 in Earth Magic
 59564 | Spider:4 | Upgraded the game from 0.23.1-38-g628c18f to
                  | 0.23.1-41-g7e51ed3
 59835 | Vaults:1 | Entered Level 1 of the Vaults
 61571 | Vaults:1 | Noticed Asterion
 61577 | Vaults:1 | Upgraded the game from 0.23.1-41-g7e51ed3 to 0.23.2
 61633 | Vaults:1 | Reached skill level 15 in Fire Magic
 62093 | Vaults:1 | Reached XP level 18. HP: 158/158 MP: 24/39
 62676 | Vaults:1 | Found a runed translucent gate.
 62676 | Vaults:1 | Found a runed translucent gate.
 62677 | Vaults:1 | Found a runed translucent gate.
 62679 | Vaults:1 | Noticed Ukiefoc's ghost (adept DrFE)
 62679 | Vaults:1 | Noticed dhn's ghost (adept MiFi)
 62993 | Vaults:1 | HP: 6/159 [Executioner[Asterion] (9)]
 62993 | Vaults:1 | Annihilated by Asterion

Skill      XL: |  1  2  3  4  5  6  7  8  9 10 11 12 13 14 15 16 17 |
---------------+----------------------------------------------------+-----
Conjurations   | 1 2 3 4 5 7 8 9 10 11 12 13 14 | 14.3
Fire Magic     | 3 4 5 6 7 9 10 12 14 15 | 15.0
Spellcasting   | 2 3 4 5 6 8 9 10 11 12 | 12.0
Fighting       | 1 4 6 8 10 11 12 13 | 13.8
Dodging        | 4 5 7 10 | 10.6
Summonings     | 2 3 |  3.0
Air Magic      | 2 3 |  3.0
Earth Magic    | 2 9 11 | 11.0
Stealth        | |  1.7

Action                   |  1- 3 |  4- 6 |  7- 9 | 10-12 | 13-15 | 16-18 || total
-------------------------+-------+-------+-------+-------+-------+-------++-------
Melee: Dagger            |    13 |       |     6 |       |       |       ||    19
       Spear             |    15 |     5 |     9 |       |    33 |    35 ||    97
       Whip              |       |       |    12 |    51 |    47 |       ||   110
       Morningstar       |       |       |     3 |       |       |       ||     3
       Staff             |       |       |       |     1 |    73 |     7 ||    81
       Demon trident     |       |       |       |       |     8 |       ||     8
 Fire: Hunting sling     |       |       |     7 |       |       |       ||     7
Throw: Stone             |     2 |     5 |     9 |     8 |     1 |       ||    25
 Cast: Flame Tongue      |    91 |   169 |   331 |   527 |   550 |   111 ||  1779
       Conjure Flame     |     2 |     4 |    26 |    20 |    22 |       ||    74
       Sticky Flame      |       |       |    15 |   109 |   168 |    73 ||   365
       Fireball          |       |       |     4 |    77 |   424 |   449 ||   954
       Magic Dart        |       |       |       |    43 |   155 |    33 ||   231
       Iskenderun's Myst |       |       |       |       |    10 |       ||    10
       Summon Lightning  |       |       |       |       |    12 |    72 ||    84
       Bolt of Magma     |       |       |       |       |    35 |    62 ||    97
       Iron Shot         |       |       |       |       |       |    23 ||    23
Evoke: Wand              |       |       |       |     4 |    13 |    24 ||    41
  Use: Scroll            |     5 |     3 |    10 |    13 |    19 |    11 ||    61
       Potion            |       |       |     5 |       |     6 |     3 ||    14
 Stab: Sleeping          |       |       |       |     2 |       |       ||     2
       Distracted        |       |       |       |     1 |       |       ||     1
  Eat: Chunk             |     3 |    12 |    20 |    40 |    67 |    33 ||   175
       Ration            |       |       |       |     8 |    15 |     9 ||    32
Armor: Robe              |     6 |    12 |    22 |    62 |    80 |   100 ||   282
Dodge: Dodged            |    36 |    41 |    82 |   288 |   513 |   412 ||  1372
